 Dungeon Crawl Stone Soup version 0.29-a0-919-gd064cfad1c (webtiles) character file.

Game seed: 15788687966082387470

2 spaghetti the Firebug (level 1, -2/18 HPs)
             Began as an Ogre Fire Elementalist on July 26, 2022.
             Slain by a kobold
             ... wielding a +0 club
              (3 damage)
             ... on level 1 of the Dungeon.
             The game lasted 00:00:28 (214 turns).

spaghetti the Firebug (Ogre Fire Elementalist)       Turns: 214, Time: 00:00:28

Health: -2/18      AC:  3    Str: 11    XL:     1   Next: 30%
Magic:  2/3        EV:  9    Int: 16    God:
Gold:   0          SH:  0    Dex:  9    Spells: 3/4 levels left

rFire   . . .      SeeInvis .   (no weapon)
rCold   . . .      Faith    .   (no shield)
rNeg    . . .      Spirit   .   a - +0 robe
rPois   .          Reflect  .   (helmet restricted)
rElec   .          Harm     .   (no cloak)
rCorr   .          Rampage  .   (gloves unavailable)
Will    .....                   (boots unavailable)
Stlth   +.........              (no amulet)
HPRegen 0.06/turn               (no ring)
MPRegen 0.08/turn               (no ring)

@: no status effects
A: large, unfitting armour, tough skin 1
a: no special abilities


You were on level 1 of the Dungeon.
You visited 1 branch of the dungeon, and saw 1 of its levels.


Innate Abilities, Weirdness & Mutations

You are too large for most types of armour.
You have tough skin. (AC +1)


   Skills:
 + Level 0.5 Fighting
 - Level 1.7 Dodging
 - Level 1.4 Stealth
 - Level 2.4 Spellcasting
 - Level 0.8 Conjurations
 + Level 2.7 Fire Magic


You had 3 spell levels left.
You knew the following spells:

 Your Spells              Type           Power      Damage    Failure   Level
a - Foxfire               Conj/Fire      28%        2x1d5     10%         1

Your spell library contained the following spells:

 Spells                   Type           Power      Damage    Failure   Level
 Scorch                   Fire           20%        2d6       10%         2
 Conjure Flame            Conj/Fire      7%         6-21      28%         3
 Inner Flame              Hex/Fire       6%         N/A       34%         3
 Flame Wave               Conj/Fire      7%         2d5       67%         4

Inventory:

Hand Weapons
 c - a +0 spear {polearm}
   (You found it on level 1 of the Dungeon)
Armour
 a - a +0 robe (worn)

Dungeon Overview and Level Annotations

Branches:
Dungeon (1/15) Zot: 5785

Altars:

..#.# ######!#r#
#......#.### ###
#!.....#... #...
+......#.#########
#.#.##.................
#.......J..r.w...?...##
###.vbg#..#########.##
##v@###>............
##KS##.#.##.####.##
...?#.#.# #?# ...#.#.#
# #.. .S.####.# #.#
.S.# #.# #.# .... #.#
...#. #.#


You could see an endoplasm, a goblin (ally target), a bat, 3 ball pythons and a
kobold (ally target).


Message History

😎 MP[+3]
Your mp is fully restored (3).
Key pressed, stopping explore.
Found a stone staircase leading down.
There is a stone staircase leading down here.
An endoplasm comes into view.
An endoplasm is nearby!
A dart slug comes into view.
The endoplasm quivers.
The endoplasm barely misses you.
Casting: Foxfire (safe; 10% risk of failure)
Confirm with . or Enter, or press ? or * to list all spells.
You conjure some foxfire!
The endoplasm barely misses you. 😎 MP[-1]
You lost 1 mp, and now have 2/3 mp.
Casting: Foxfire (safe; 10% risk of failure)
Confirm with . or Enter, or press ? or * to list all spells.
You conjure some foxfire!
The foxfire hits the endoplasm.
The foxfire hits the endoplasm but does no damage.
The endoplasm hits you but does no damage. 😎 MP[-1]
You lost 1 mp, and now have 1/3 mp.
Casting: Foxfire (safe; 10% risk of failure)
Confirm with . or Enter, or press ? or * to list all spells.
You miscast Foxfire.
You are very lightly contaminated with residual magic.
Nothing appears to happen.
The foxfire hits the endoplasm.
You kill the endoplasm! 😎 HP[+2] MP[-1]
You now have 18 max hp (+2).
Your hp is fully restored (18).
You lost 1 mp, and now have 0/3 mp.
An endoplasm comes into view.
The endoplasm quivers.
Your magical contamination has completely faded away.
A goblin, a rat and a bat come into view.
The endoplasm freezes you.
You are frozen. 😕 HP[-1]
You take 1 damage, and now have 17/18 hp.
The bat hits you but does no damage.
The endoplasm barely misses you. 😕 MP[+1]
The bat hits you but does no damage. The bat barely misses you.
The endoplasm freezes you.
You are frozen. 😮 HP[-4]
You take 4 damage, and now have 13/18 hp.
MASSIVE DAMAGE!! (PAUSE)
Casting: Foxfire (safe; 10% risk of failure)
Confirm with . or Enter, or press ? or * to list all spells.
You conjure some foxfire!
The goblin shouts!
The bat hits you but does no damage. The endoplasm freezes you.
You are frozen.
* * * LOW HITPOINT WARNING * * *
😨 HP[-5] MP[-1]
You take 5 damage, and now have 8/18 hp.
MASSIVE DAMAGE!! (PAUSE)
You lost 1 mp, and now have 0/3 mp.
Unknown command.
Found a stone staircase leading down.
The foxfire hits the bat.
The foxfire hits the endoplasm.
The bat hits you but does no damage. The bat closely misses you.
The bat hits you but does no damage.
Found a faded altar of an unknown god.
The bat closely misses you. The endoplasm attacks as you move away!
The endoplasm barely misses you.
A ball python comes into view.
The ball python hisses angrily.
The bat closely misses you.
The ball python moves out of view.
A kobold comes into view. It is wielding a +0 club.
The kobold shouts!
You hear an angry hiss. x3
The ball python bites you.
* * * LOW HITPOINT WARNING * * *
The bat closely misses you.
The ball python bites you but does no damage.
You hear an angry hiss. 😨 HP[-1]
You take 1 damage, and now have 7/18 hp.
Really attack while wielding nothing?
Okay, then.
Magic courses through your body. The bat barely misses you.
A ball python comes into view.
The ball python bites you but does no damage.
The kobold hits you with a +0 club.
* * * LOW HITPOINT WARNING * * *
A ball python comes into view. 😨 HP[-2] MP[+3]
You take 2 damage, and now have 5/18 hp.
Your mp is fully restored (3).
Unknown command.
Casting: Foxfire (safe; 10% risk of failure)
Confirm with . or Enter, or press ? or * to list all spells.
You conjure some foxfire!
The ball python bites you.
* * * LOW HITPOINT WARNING * * *
The goblin hits you with a +0 dagger.
* * * LOW HITPOINT WARNING * * *
The bat hits you.
* * * LOW HITPOINT WARNING * * *
The kobold hits you with a +0 club.
You die...

Action                   || total
-------------------------++-------
 Cast: Foxfire           ||     6
  Use: Potion            ||     1
Armor: Robe              ||     8
Dodge: Dodged            ||    10

Levels and vault maps discovered:
D:1:      dpeg_chamrin_arrival_tetris, layout_basic,
          nicolae_ecumenical_snake_handling, roderic_serpentine_path

Notes
Turn   | Place    | Note
-------+----------+-------------------------------------------
     0 | D:1      | spaghetti the Ogre Fire Elementalist began the quest for
                  | the Orb.
     0 | D:1      | Reached XP level 1. HP: 16/16 MP: 3/3
     0 | D:1      | magus.rc [v1.9.6]
   210 | D:1      | Found a faded altar of an unknown god.
   214 | D:1      | HP: 4/18 [ball python (2)]
   214 | D:1      | HP: 1/18 [bat (1)]
   214 | D:1      | Slain by a kobold

Vanquished Creatures
  An endoplasm (D:1)
  A rat (D:1)
2 creatures vanquished.

Vanquished Creatures (others)
  8 foxfires (D:1)
8 creatures vanquished.

Grand Total: 10 creatures vanquished

Table legend:
 A = Non-vault XP
 B = Vault XP
 C = Vault XP percentage of total XP
 D = Non-vault monster count
 E = Vault monster count
 F = Vault count percentage of total count
                 A         B        C        D         E       F
            +---------+---------+-------+---------+---------+-------
      Total |       3 |       0 |   0.0 |       2 |       0 |   0.0
            +---------+---------+-------+---------+---------+-------
        D:1 |       3 |       0 |   0.0 |       2 |       0 |   0.0
            +---------+---------+-------+---------+---------+-------

Illustrated notes

Table legend:
 A = Kills in this place as a percentage of kills in entire the game.
 B = Kills by you in this place as a percentage of kills by you in the entire game.
 C = Kills by friends in this place as a percentage of kills by friends in the entire game.
 D = Other kills in this place as a percentage of other kills in the entire game.
 E = Experience gained in this place as a percentage of experience gained in the entire game.
 F = Experience gained in this place divided by the number of levels of this place that you have seen.
                   A       B       C       D       E      F
               +-------+-------+-------+-------+-------+----------------------
         Total | 100.0 | 100.0 |   N/A |   N/A | 100.0 |   3.0
       Dungeon | 100.0 | 100.0 |   N/A |   N/A | 100.0 |   3.0
               +-------+-------+-------+-------+-------+----------------------

Table legend: (Time is in decaauts)
 A = Elapsed time spent in this place.
 B = Non-inter-level travel time spent in this place.
 C = Inter-level travel time spent in this place.
 D = Time resting spent in this place.
 E = Time spent auto-exploring this place.
 F = Levels seen in this place.
 G = Mean time per level.
                   A        B        C        D        E       F      G
               +--------+--------+--------+--------+--------+-----+--------+
         Total |    214 |    214 |      0 |      0 |    178 |   1 |  214.0 |
       Dungeon |    214 |    214 |      0 |      0 |    178 |   1 |  214.0 |
               +--------+--------+--------+--------+--------+-----+--------+

Top non-repeatable levels by time:
     D:1: 214 daAuts
